 Dungeon Crawl Stone Soup version 0.28-a0-1624-g820543e53a (webtiles) character file.

Game seed: 7908879002081509037

153 HallandMoats the Skirmisher (level 5, 0/47 HPs)
             Began as a Ghoul Fighter on Jan 24, 2022.
             Slain by a gnoll (7 damage)
             ... on level 2 of the Dungeon.
             The game lasted 00:01:09 (1128 turns).

HallandMoats the Skirmisher (Ghoul Fighter)         Turns: 1128, Time: 00:01:10

Health: 0/47       AC:  8    Str: 20    XL:     5   Next: 35%
Magic:  4/4        EV:  9    Int:  5    God:
Gold:   86         SH:  4    Dex:  8    Spells: 4/4 levels left

rFire   . . .      SeeInvis .     - Unarmed
rCold   + . .      Faith    .   b - +0 buckler
rNeg    + + +      Spirit   .   a - +0 scale mail
rPois   ∞          Reflect  .   c - +0 helmet
rElec   .          Harm     .   (no cloak)
rCorr   .          Rampage  .   (no gloves)
Will    .....                   (no boots)
Stlth   ..........              (no amulet)
HPRegen 0.00/turn               (no ring)
MPRegen 0.09/turn               (no ring)

@: inhibited regen
A: claws 1, cold resistance 1, negative energy resistance 3, inhibited
regeneration, torment resistance 2
a: no special abilities


You were on level 2 of the Dungeon.
You visited 1 branch of the dungeon, and saw 2 of its levels.

You collected 86 gold pieces.

Inventory:

Armour
 a - a +0 scale mail (worn)
 b - a +0 buckler (worn)
 c - a +0 helmet (worn)
Scrolls
 d - 2 scrolls of magic mapping {unknown}
 e - a scroll of teleportation {unknown}


   Skills:
 * Level 4.8 Fighting
 + Level 3.3 Armour
 + Level 1.7 Dodging
 + Level 3.3 Shields
 - Level 2.1 Unarmed Combat


You had 4 spell levels left.
You didn't know any spells.
Your spell library was empty.

Dungeon Overview and Level Annotations

Branches:
Dungeon (2/15)

Altars:


Innate Abilities, Weirdness & Mutations

You thrive by killing the living.
You are immune to poison.
You have sharp fingernails.
Your flesh is cold resistant. (rC+)
You are immune to negative energy. (rN+++)
You do not regenerate when monsters are visible.
You are immune to unholy pain and torment.


Message History

* * * LOW HITPOINT WARNING * * *
Things that are here:
a +0 halberd; a gnoll corpse You closely miss the gnoll.
The gnoll hits you but does no damage. x2
You scratch the gnoll.
The gnoll is lightly wounded.
The gnoll barely misses you. x2
You scratch the gnoll but do no damage.
The gnoll is lightly wounded.
The gnoll hits you but does no damage. x2
You closely miss the gnoll.
The gnoll is lightly wounded.
The gnoll barely misses you.
The gnoll hits you from afar with a +0 spear.
* * * LOW HITPOINT WARNING * * *
The gnoll closely misses you. The gnoll completely misses you.
You completely miss the gnoll.
The gnoll is lightly wounded.
You scratch the gnoll.
The gnoll is heavily wounded.
The gnoll hits you but does no damage. The gnoll completely misses you.
You scratch the gnoll but do no damage.
The gnoll is heavily wounded.
The gnoll barely misses you. x2
You scratch the gnoll.
The gnoll is severely wounded.
You block the gnoll's attack. The gnoll barely misses you.
You claw the gnoll!
You kill the gnoll!
The gnoll hits you but does no damage. The gnoll hits you but does no damage.
You see here a +0 spear.
You barely miss the gnoll. You block the gnoll's attack.
You claw the gnoll!
The gnoll is heavily wounded.
The gnoll hits you but does no damage.
You scratch the gnoll.
The gnoll is almost dead.
The gnoll hits you with a +0 spear!
You die...

.[..........#
##.##.#####.#
...##.#...#.#
.#..#.#.#.#.#
.#..#.#.#<#.# #....#.###.#
# #.#..#.....# #######...
#.#..#####.######.......#
#.............)@g)......+
......#####.######.......#
#####.#####.######.......#
..........†..........#
##..####.#######+######
##.# #.# .# #.# .# #.# #.#


You could see a gnoll.

Vanquished Creatures
  An ogre (D:2)
  Jessica (D:2)
  2 gnolls (D:2)
  2 dart slugs (D:1)
  3 bats (D:1)
  3 endoplasms (D:1)
  3 hobgoblins
  3 quokkas
  3 ball pythons (D:1)
  A rat (D:1)
22 creatures vanquished.

Notes
Turn   | Place    | Note
-------+----------+-------------------------------------------
     0 | D:1      | HallandMoats the Ghoul Fighter began the quest for the Orb.
     0 | D:1      | Reached XP level 1. HP: 19/19 MP: 0/0
   384 | D:1      | Reached XP level 2. HP: 26/26 MP: 1/1
   927 | D:2      | Noticed an ogre
   932 | D:2      | Killed an ogre
   933 | D:2      | Reached skill level 4 in Fighting
   933 | D:2      | Reached skill level 1 in Dodging
   933 | D:2      | Reached XP level 3. HP: 28/34 MP: 2/2
   933 | D:2      | Reached XP level 4. HP: 34/41 MP: 3/3
  1089 | D:2      | Noticed Jessica
  1094 | D:2      | Killed Jessica
  1095 | D:2      | Reached XP level 5. HP: 47/47 MP: 4/4
  1128 | D:2      | Slain by a gnoll

Illustrated notes

Levels and vault maps discovered:
D:1:      wander_arrival_desolate, layout_loops_corners, minmay_heptomino_w4
D:2:      layout_basic, uniq_jessica

Skill      XL: |  1  2 |
---------------+-------+-----
Fighting       | 4 |  4.8
Armour         | 3 |  3.3
Dodging        | 1 |  1.7
Shields        | 3 |  3.3
Unarmed Combat | |  2.1

Action                   |  1- 3 |  4- 6 || total
-------------------------+-------+-------++-------
Melee: Unarmed           |    72 |    34 ||   106
  Use: Potion            |     1 |       ||     1
Armor: Scale mail        |    28 |    15 ||    43
Dodge: Dodged            |    38 |    23 ||    61
Block: Buckler           |    16 |     6 ||    22

Table legend: (Time is in decaauts)
 A = Elapsed time spent in this place.
 B = Non-inter-level travel time spent in this place.
 C = Inter-level travel time spent in this place.
 D = Time resting spent in this place.
 E = Time spent auto-exploring this place.
 F = Levels seen in this place.
 G = Mean time per level.
                   A        B        C        D        E       F      G
               +--------+--------+--------+--------+--------+-----+--------+
         Total |   1126 |   1095 |     31 |      0 |    893 |   2 |  563.0 |
       Dungeon |   1126 |   1095 |     31 |      0 |    893 |   2 |  563.0 |
               +--------+--------+--------+--------+--------+-----+--------+

Top non-repeatable levels by time:
     D:1: 922 daAuts
     D:2: 204 daAuts
